NWL (28 & UNDER)
BISMARCK BARONS @ MENLO MANIACS
04/04/2028
 
TOP OF THE 1ST
Bismarck Barons batting - Pitching for Menlo Maniacs : RHP Daniel Betteridge
Pitching: RHP Daniel Betteridge
Batting: SHB Álex Hernández 0-0: Ball
1-0: Ball
2-0: Ball
3-0: Base on Balls
Batting: LHB Johnny Foley 0-0: Ball
1-0: Ball
2-0: Ball
Wild Pitch!
Álex Hernández to second
3-0: Called Strike
3-1: Foul Ball, location: 2F
3-2: Ground out U3 (Groundball, 34)
Álex Hernández to third
Batting: SHB Jeff Chambers 0-0: Ball
1-0: Ball
2-0: Swinging Strike
2-1: Ball
3-1: Base on Balls
Batting: LHB José Martínez 0-0: Called Strike
0-1: Ball
1-1: Swinging Strike
1-2: Ball
2-2: Ball
3-2: Foul Ball, location: 2F
3-2: Base on Balls
Jeff Chambers to second
Batting: RHB Jon Krohne 0-0: Called Strike
0-1: Reached on error, E5 (Groundball, 56)
Álex Hernández scores
Jeff Chambers to third
José Martínez to second
Batting: LHB Jorge Fernández 0-0: Called Strike
0-1: Swinging Strike
0-2: Foul Ball, location: 2F
0-2: Ball
1-2: Foul Ball, location: 2F
1-2: Fly out, F9 (Flyball, 9S)
Batting: SHB Manuel Hegnauer 0-0: Foul Ball, location: 2F
0-1: Ball
1-1: Ball
2-1: Called Strike
2-2: Reached on error, E3 (Groundball, 34)
Jeff Chambers scores
José Martínez scores
Jon Krohne to third
Batting: RHB Fernando Castellanos 0-0: Ball
Passed Ball!
Jon Krohne scores
Manuel Hegnauer to third
1-0: Ground out 4-3 (Groundball, 4M)
Top of the 1st over - 4 run(s), 0 hit(s), 2 error(s), 1 left on base; Bismarck 4 - Menlo 0
BOTTOM OF THE 1ST
Menlo Maniacs batting - Pitching for Bismarck Barons : RHP Francisco Anaya
Pitching: RHP Francisco Anaya
Batting: RHB António López 0-0: SINGLE (Groundball, 34D)
Batting: LHB Bernardo Rodríguez 0-0: Called Strike
António López steals 2nd base
0-1: Swinging Strike
0-2: Strikes out swinging
Batting: LHB José Peralta 0-0: Ball
1-0: Swinging Strike
1-1: Ball
2-1: Ground out 4-3 (Groundball, 4)
António López to third
Batting: LHB Tim Ramsey 0-0: Swinging Strike
0-1: Called Strike
0-2: Ball
1-2: Ball
2-2: Ball
3-2: Base on Balls
Batting: RHB Jason Blair 0-0: Ball
Tim Ramsey steals 2nd base
1-0: Ball
2-0: Ball
3-0: Base on Balls
Batting: RHB Currito Campos 0-0: Ball
1-0: Fielders Choice at 2nd, 4-6 (Groundball, 4)
Bottom of the 1st over - 0 run(s), 1 hit(s), 0 error(s), 2 left on base; Bismarck 4 - Menlo 0
TOP OF THE 2ND
Bismarck Barons batting - Pitching for Menlo Maniacs : RHP Daniel Betteridge
Batting: RHB Felipe Domínguez 0-0: Ball
1-0: Ball
2-0: Foul Ball, location: 2F
2-1: Swinging Strike
2-2: SINGLE (Line Drive, 6MD)
Batting: SHB Álex Hernández 0-0: Fly out, F2 (Popup, 23)
Batting: LHB Johnny Foley 0-0: Called Strike
0-1: Fly out, F9 (Line Drive, 89M)
Batting: SHB Jeff Chambers 0-0: Called Strike
0-1: Ball
1-1: Ball
2-1: Foul Ball, location: 2F
2-2: Foul Ball, location: 2F
2-2: 2-RUN HOME RUN (Flyball, 9D), Distance : 372 ft
Batting: LHB José Martínez 0-0: Ball
1-0: Swinging Strike
1-1: Fly out, F8 (Flyball, 8LM)
Top of the 2nd over - 2 run(s), 2 hit(s), 0 error(s), 0 left on base; Bismarck 6 - Menlo 0
BOTTOM OF THE 2ND
Menlo Maniacs batting - Pitching for Bismarck Barons : RHP Francisco Anaya
Batting: SHB José Vélez 0-0: Ball
1-0: Ball
2-0: Called Strike
2-1: SINGLE (Groundball, 34D)
Batting: RHB Manuel Alonso 0-0: Called Strike
0-1: Foul Ball, location: 2F
0-2: Ball
1-2: Strikes out swinging
José Vélez is caught stealing 2nd base
Batter strikes out.
Batting: SHB Chris Young 0-0: Ball
1-0: Ball
2-0: SINGLE (Groundball, 4MD)
Batting: RHB António López 0-0: SINGLE (Groundball, 6MD)
Chris Young to second
Batting: LHB Bernardo Rodríguez 0-0: Ball
1-0: Fly out, F7 (Flyball, 7LS)
Bottom of the 2nd over - 0 run(s), 3 hit(s), 0 error(s), 2 left on base; Bismarck 6 - Menlo 0
TOP OF THE 3RD
Bismarck Barons batting - Pitching for Menlo Maniacs : RHP Daniel Betteridge
Batting: RHB Jon Krohne 0-0: Ball
1-0: Ball
2-0: Swinging Strike
2-1: Foul Ball, location: 2F
2-2: Ball
3-2: Foul Ball, location: 2F
3-2: Base on Balls
Batting: LHB Jorge Fernández 0-0: Ball
1-0: Ball
2-0: Called Strike
2-1: Called Strike
2-2: SINGLE (Flyball, 8RS)
Jon Krohne to second
Batting: SHB Manuel Hegnauer 0-0: Foul Ball, location: 2F
0-1: Ball
1-1: Called Strike
1-2: Fly out, F7 (Line Drive, 7LD)
Runner from 2nd tags up, SAFE at 3rd, no throw
Batting: RHB Fernando Castellanos 0-0: Ball
1-0: Fly out, F2 (Popup, 56S)
Batting: RHB Felipe Domínguez 0-0: Ball
1-0: Ball
2-0: Ball
3-0: Base on Balls
Jorge Fernández to second
Batting: SHB Álex Hernández 0-0: Swinging Strike
0-1: Fly out, F4 (Line Drive, 4)
Top of the 3rd over - 0 run(s), 1 hit(s), 0 error(s), 3 left on base; Bismarck 6 - Menlo 0
BOTTOM OF THE 3RD
Menlo Maniacs batting - Pitching for Bismarck Barons : RHP Francisco Anaya
Batting: LHB José Peralta 0-0: Ball
1-0: Fly out, F8 (Flyball, 89XD)
Batting: LHB Tim Ramsey 0-0: Ball
1-0: Ball
2-0: Ball
3-0: Base on Balls
Batting: RHB Jason Blair Pickoff Throw to First - Out!
0-0: Called Strike
0-1: Ball
1-1: Called Strike
1-2: Foul Ball, location: 2F
1-2: Strikes out swinging
Bottom of the 3rd over - 0 run(s), 0 hit(s), 0 error(s), 0 left on base; Bismarck 6 - Menlo 0
TOP OF THE 4TH
Bismarck Barons batting - Pitching for Menlo Maniacs : RHP Daniel Betteridge
Batting: LHB Johnny Foley 0-0: Ball
1-0: Called Strike
1-1: Swinging Strike
1-2: SINGLE (Groundball, 3D)
Batting: SHB Jeff Chambers 0-0: Called Strike
0-1: Foul Ball, location: 2F
0-2: SINGLE (Groundball, 56S) (infield hit)
Johnny Foley to second
Batting: LHB José Martínez 0-0: Ball
1-0: Foul Ball, location: 2F
1-1: Ball
2-1: Grounds into double play, 4-6-3 (Groundball, 4)
Johnny Foley to third
Batting: RHB Jon Krohne 0-0: Swinging Strike
0-1: Ball
1-1: Called Strike
1-2: Foul Ball, location: 2F
1-2: Ground out 5-3 (Groundball, 56)
Top of the 4th over - 0 run(s), 2 hit(s), 0 error(s), 1 left on base; Bismarck 6 - Menlo 0
BOTTOM OF THE 4TH
Menlo Maniacs batting - Pitching for Bismarck Barons : RHP Francisco Anaya
Batting: RHB Currito Campos 0-0: Called Strike
0-1: Ball
1-1: Ball
2-1: Foul Ball, location: 2F
2-2: Ball
3-2: Strikes out swinging
Batting: SHB José Vélez 0-0: Foul Ball, location: 2F
0-1: Ball
1-1: Ball
2-1: Called Strike
2-2: Ball
3-2: Strikes out swinging
Batting: RHB Manuel Alonso 0-0: Ground out 5-3 (Groundball, 56S)
Bottom of the 4th over - 0 run(s), 0 hit(s), 0 error(s), 0 left on base; Bismarck 6 - Menlo 0
TOP OF THE 5TH
Bismarck Barons batting - Pitching for Menlo Maniacs : RHP Daniel Betteridge
Pitching: RHP Wayne Todd
Batting: LHB Jorge Fernández 0-0: Ball
1-0: SINGLE (Groundball, 6MD)
Batting: SHB Manuel Hegnauer 0-0: Ball
1-0: Ball
2-0: Foul Ball, location: 2F
2-1: Ball
3-1: Foul Ball, location: 2F
3-2: Strikes out swinging
Batting: RHB Fernando Castellanos 0-0: Foul Ball, location: 2F
0-1: Ball
1-1: Called Strike
1-2: Strikes out swinging
Batting: RHB Felipe Domínguez 0-0: Fly out, F4 (Line Drive, 4)
Top of the 5th over - 0 run(s), 1 hit(s), 0 error(s), 1 left on base; Bismarck 6 - Menlo 0
BOTTOM OF THE 5TH
Menlo Maniacs batting - Pitching for Bismarck Barons : RHP Francisco Anaya
Batting: SHB Chris Young 0-0: Called Strike
0-1: Ball
1-1: Foul Ball, location: 2F
1-2: Strikes out swinging
Batting: RHB António López 0-0: Ball
1-0: Called Strike
1-1: Ground out 6-3 (Groundball, 56)
Batting: LHB Bernardo Rodríguez 0-0: Ball
1-0: Fly out, F8 (Flyball, 89D)
Bottom of the 5th over - 0 run(s), 0 hit(s), 0 error(s), 0 left on base; Bismarck 6 - Menlo 0
TOP OF THE 6TH
Bismarck Barons batting - Pitching for Menlo Maniacs : RHP Wayne Todd
Batting: SHB Álex Hernández 0-0: Foul Ball, location: 2F
0-1: Foul Ball, location: 2F
0-2: Foul Ball, location: 2F
0-2: Ball
1-2: Foul Ball, location: 2F
1-2: Foul Ball, location: 2F
1-2: Strikes out swinging, 2-3 out at first.
Batting: LHB Johnny Foley 0-0: Ball
1-0: Foul Ball, location: 2F
1-1: SINGLE (Line Drive, 6M)
Batting: SHB Jeff Chambers 0-0: Ball
1-0: Ball
2-0: Called Strike
2-1: Swinging Strike
2-2: Foul Ball, location: 2F
2-2: Ball
3-2: DOUBLE (Flyball, 78D)
Johnny Foley to third
Batting: LHB José Martínez 0-0: Fly out, F7 (Flyball, 7)
Runner from 3rd tags up, SCORES, no throw
Batting: RHB Jon Krohne 0-0: Called Strike
0-1: DOUBLE (Flyball, 78XD)
Jeff Chambers scores
Batting: LHB Jorge Fernández 0-0: Foul Ball, location: 2F
0-1: Reached on error, E4 (Groundball, 4)
Jon Krohne to third
Batting: SHB Manuel Hegnauer 0-0: Ball
1-0: Ball
2-0: Ball
3-0: Called Strike
3-1: Base on Balls
Jorge Fernández to second
Batting: RHB Fernando Castellanos 0-0: Ground out 4-3 (Groundball, 34)
Top of the 6th over - 2 run(s), 3 hit(s), 1 error(s), 3 left on base; Bismarck 8 - Menlo 0
BOTTOM OF THE 6TH
Menlo Maniacs batting - Pitching for Bismarck Barons : RHP Francisco Anaya
Batting: LHB José Peralta 0-0: Called Strike
0-1: Ground out 6-3 (Groundball, 6)
Batting: LHB Tim Ramsey 0-0: Foul Ball, location: 2F
0-1: Swinging Strike
0-2: Ball
1-2: Ball
2-2: Strikes out swinging
Batting: RHB Jason Blair 0-0: Ball
1-0: Ball
2-0: Fly out, F2 (Popup, 3S)
Bottom of the 6th over - 0 run(s), 0 hit(s), 0 error(s), 0 left on base; Bismarck 8 - Menlo 0
TOP OF THE 7TH
Bismarck Barons batting - Pitching for Menlo Maniacs : RHP Wayne Todd
Pitching: LHP Marc Sizemore
Batting: RHB Felipe Domínguez 0-0: Foul Ball, location: 2F
0-1: Foul Ball, location: 2F
0-2: Foul Ball, location: 2F
0-2: Ball
1-2: Ball
2-2: Foul Ball, location: 2F
2-2: DOUBLE (Flyball, 89D)
Batting: SHB Álex Hernández 0-0: Ground out 4-3 (Groundball, 4)
Felipe Domínguez to third
Batting: LHB Johnny Foley 0-0: Fly out, F9 (Flyball, 9S)
Batting: SHB Jeff Chambers 0-0: Ground out 1-3 (Groundball, 15S)
Top of the 7th over - 0 run(s), 1 hit(s), 0 error(s), 1 left on base; Bismarck 8 - Menlo 0
BOTTOM OF THE 7TH
Menlo Maniacs batting - Pitching for Bismarck Barons : RHP Francisco Anaya
Batting: RHB Currito Campos 0-0: Called Strike
0-1: SINGLE (Groundball, 6MD)
Batting: SHB José Vélez 0-0: Ball
1-0: Called Strike
1-1: Ball
2-1: Foul Ball, location: 2F
2-2: Fly out, F9 (Flyball, 9S)
Batting: RHB Manuel Alonso 0-0: Called Strike
0-1: Ball
1-1: 2-RUN HOME RUN (Flyball, 78XD), Distance : 390 ft
Batting: SHB Chris Young 0-0: Ball
1-0: Called Strike
1-1: SOLO HOME RUN (Flyball, 89XD), Distance : 403 ft
Batting: RHB António López 0-0: Ball
1-0: Ball
2-0: Fly out, F9 (Line Drive, 9LM)
Batting: LHB Bernardo Rodríguez 0-0: Ball
1-0: Ball
2-0: Ball
3-0: Called Strike
3-1: Foul Ball, location: 2F
3-2: Base on Balls
Pitching: RHP Jesús Díaz
Batting: LHB José Peralta 0-0: Swinging Strike
0-1: Ball
1-1: Swinging Strike
1-2: Ball
2-2: Foul Ball, location: 2F
2-2: Strikes out looking
Bottom of the 7th over - 3 run(s), 3 hit(s), 0 error(s), 1 left on base; Bismarck 8 - Menlo 3
TOP OF THE 8TH
Bismarck Barons batting - Pitching for Menlo Maniacs : LHP Marc Sizemore
Batting: LHB José Martínez 0-0: Ball
1-0: Ball
2-0: Called Strike
2-1: Ball
3-1: Foul Ball, location: 2F
3-2: SINGLE (Line Drive, 7S)
Batting: RHB Jon Krohne 0-0: Ball
1-0: Fly out, F5 (Line Drive, 56)
Batting: LHB Jorge Fernández 0-0: Fly out, F9 (Flyball, 9)
Batting: SHB Manuel Hegnauer 0-0: Ball
1-0: SINGLE (Line Drive, 8RS)
José Martínez to second
Batting: RHB Fernando Castellanos 0-0: Ball
1-0: Ball
2-0: Called Strike
2-1: Foul Ball, location: 2F
2-2: SINGLE (Line Drive, 8LS)
José Martínez to third
Manuel Hegnauer to second
Runner from 3rd tries for Home, SAFE, no throw
Batting: RHB Felipe Domínguez 0-0: Foul Ball, location: 2F
0-1: Called Strike
0-2: Fly out, F7 (Flyball, 7LMF)
Top of the 8th over - 1 run(s), 3 hit(s), 0 error(s), 2 left on base; Bismarck 9 - Menlo 3
BOTTOM OF THE 8TH
Menlo Maniacs batting - Pitching for Bismarck Barons : RHP Jesús Díaz
Batting: LHB Tim Ramsey 0-0: Called Strike
0-1: Ball
1-1: Ball
2-1: Called Strike
2-2: Ball
3-2: Fly out, F8 (Flyball, 8LM)
Batting: RHB Jason Blair 0-0: Called Strike
0-1: Ground out 4-3 (Groundball, 4)
Batting: RHB Currito Campos 0-0: Called Strike
0-1: Ball
1-1: Called Strike
1-2: SINGLE (Flyball, 6MD)
Batting: SHB José Vélez 0-0: Foul Ball, location: 2F
0-1: Foul Ball, location: 2F
0-2: Foul Ball, location: 2F
0-2: Ball
1-2: Foul Ball, location: 2F
1-2: Fielders Choice at 2nd, 4-6 (Groundball, 4)
Bottom of the 8th over - 0 run(s), 1 hit(s), 0 error(s), 0 left on base; Bismarck 9 - Menlo 3
TOP OF THE 9TH
Bismarck Barons batting - Pitching for Menlo Maniacs : LHP Marc Sizemore
Batting: SHB Álex Hernández 0-0: Ball
1-0: Called Strike
1-1: Ball
2-1: Swinging Strike
2-2: Strikes out swinging
Pitching: RHP José Ramírez
Batting: LHB Johnny Foley 0-0: Ball
1-0: Swinging Strike
1-1: Ball
2-1: Ball
3-1: Called Strike
3-2: SINGLE (Groundball, 4MD)
Batting: SHB Jeff Chambers 0-0: Called Strike
Throwing error on steal attempt, E2
Johnny Foley to third
0-1: Foul Ball, location: 2F
0-2: Ball
1-2: SINGLE (Flyball, 8RS)
Johnny Foley scores
Batting: LHB José Martínez 0-0: Called Strike
0-1: Ball
1-1: Swinging Strike
1-2: Ball
Wild Pitch!
Jeff Chambers to second
2-2: Strikes out swinging
Batting: RHB Jon Krohne 0-0: Ball
1-0: Ball
2-0: Ball
3-0: Called Strike
3-1: Called Strike
3-2: Base on Balls
Batting: LHB Jorge Fernández 0-0: Foul Ball, location: 2F
0-1: Ball
1-1: Ball
2-1: Fly out, F7 (Flyball, 7LMF)
Top of the 9th over - 1 run(s), 2 hit(s), 1 error(s), 2 left on base; Bismarck 10 - Menlo 3
BOTTOM OF THE 9TH
Menlo Maniacs batting - Pitching for Bismarck Barons : RHP Jesús Díaz
Now at 3B: Mark Roy
Batting: RHB Manuel Alonso 0-0: SINGLE (Line Drive, 56D)
Batting: SHB Chris Young 0-0: 2-RUN HOME RUN (Flyball, 9D), Distance : 388 ft
Batting: RHB António López 0-0: Ground out 6-3 (Groundball, 6)
Batting: LHB Bernardo Rodríguez 0-0: Ball
1-0: Ball
2-0: Ball
3-0: Called Strike
3-1: Ground out 5-3 (Groundball, 5)
Batting: LHB José Peralta 0-0: Called Strike
0-1: SINGLE (Groundball, 6MD)
Batting: LHB Tim Ramsey 0-0: Foul Ball, location: 2F
0-1: Fly out, F4 (Line Drive, 4)
Bottom of the 9th over - 2 run(s), 3 hit(s), 0 error(s), 1 left on base; Bismarck 10 - Menlo 5
Tuesday, August 8th, 2017 - OOTP Baseball 17.12 Build 75